AoeStats
← griffin

Golden Pit

507560018Analyzed
1v1 RM · 12d ago on Sep 18, 2026· 44m 31s· 2 players
Game mode
Random Map
Map size
Tiny (2 player)
Population
200
Speed
Normal
Resources
Standard
Victory
Conquest
Starting age
Dark Age
Ending age
Imperial Age
RankedLock teamsTeams togetherTeam positionsShared explorationLock speedFull tech treeHidden civsTurbo modeCheats
Victory
Defeat
🇹🇷 Vikings · Türkiye
1206
+16
🇬🇧 Saracens · United Kingdom
1209
-16
Lidrobi
6:55 Loom
9:51 Feudal Age
10:26 Town Watch
12:50 Double-Bit Axe
14:11 Horse Collar
15:34 Fletching
23:07 Castle Age
21:20 Gold Mining
22:05 Padded Archer Armor
23:20 Crossbowman
23:57 Bodkin Arrow
25:33 Ballistics
26:53 Bow Saw
27:20 Gold Shaft Mining
27:00 Heavy Plow
26:53 Stone Mining
29:35 Town Patrol
34:20 Imperial Age
33:00 Leather Archer Armor
35:10 Bracer
37:07 Two-Man Saw
37:15 Crop Rotation
37:33 Conscription
37:55 Ring Archer Armor
39:17 Scale Mail Armor
38:40 Arbalester
40:28 Bogsveigar
40:48 Chain Mail Armor
42:06 Chemistry
42:24 Plate Mail Armor
42:39 Forging
griffin
11:31 Feudal Age
13:56 Loom
16:46 Castle Age
15:05 Double-Bit Axe
17:43 Fletching
17:37 Horse Collar
25:51 Bloodlines
26:40 Husbandry
26:53 Forging
30:56 Iron Casting
32:39 Wheelbarrow
36:54 Imperial Age
35:46 Scale Barding Armor
35:41 Gold Mining
37:13 Bow Saw
37:12 Heavy Plow
37:32 Elite Skirmisher
39:07 Conscription
39:22 Bodkin Arrow
39:28 Padded Archer Armor
42:29 Bracer
44:32 Ballistics
Connection lost

Rejoining the realm…

Still unreachable

The connection could not be restored.

Session expired

The server has moved on; the page needs a fresh start.